 Dungeon Crawl Stone Soup version 0.29.1-2-gbd0b4ee654 (webtiles) character file.

Game seed: 12349482572520516531

8773 Raikaria the Frost Mage (level 11, 0/83 (94) HPs)
             Began as a Purple Draconian Ice Elementalist on Nov 9, 2022.
             Was a Believer of Fedhas.
             Slain by a kobold
             ... wielding a +0 short sword
              (2 damage)
             ... on level 10 of the Dungeon.
             The game lasted 00:42:31 (14696 turns).

Raikaria the Frost Mage (DrIE)                     Turns: 14696, Time: 00:42:33

HP:   0/83 (94)     AC:  9    Str: 16    XL:     11   Next: 14%
MP:   20/20         EV: 13    Int: 19    God:    Fedhas [**....]
Gold: 604           SH:  5    Dex: 13    Spells: 11/22 levels left

rFire   . . .      SeeInvis .   N - +0 trident
rCold   . . .      Faith    .   A - +0 buckler
rNeg    . . .      Spirit   .   (body armour unavailable)
rPois   .          Reflect  .   (helmet restricted)
rElec   .          Harm     .   b - +1 cloak
rCorr   .          Rampage  .   (no gloves)
Will    +....                   (no boots)
Stlth   ++........              (no amulet)
HPRegen 0.23/turn               x - +6 ring of strength
MPRegen 0.17/turn               (no ring)

@: lethally poisoned (0 -> -2), studying Transmutations, heavily drained
A: breathe power, AC +7, unfitting armour, cold-blooded
a: Breathe Dispelling Energy, Renounce Religion, Wall of Briars


You were on level 10 of the Dungeon.
You worshipped Fedhas.
Fedhas was pleased with you.
You visited 2 branches of the dungeon, and saw 12 of its levels.

You collected 604 gold pieces.

Inventory:

Hand Weapons
 n - a +2 dagger of venom
 y - a +0 halberd
 F - a +0 spear
 G - the +3 long sword "Setebus" {flame, +Blink MP+9 Stlth+}
   (You found it on level 7 of the Dungeon)

   It burns those it strikes, dealing additional fire damage.
   Big, fiery blades are also staple armaments of hydra-hunters.
   MP:        It affects your magic capacity (+9).
   +Blink:    It lets you blink.
   Stlth:     It makes you more stealthy.
 M - the +6 halberd of Deflation {vorpal, Dex+5}
   (You found it on level 9 of the Dungeon)

   It inflicts extra damage upon your enemies.
   Dex:       It affects your dexterity (+5).
 N - a +0 trident (weapon)
Missiles
 p - 2 throwing nets
Armour
 b - a +1 cloak (worn)
 A - a +0 buckler (worn)
 K - a +0 pair of gloves
Jewellery
 x - a +6 ring of strength (left hand)
Wands
 t - a wand of polymorph (13)
 D - a wand of flame (13)
 J - a wand of roots (13)
 O - a wand of charming (4)
Scrolls
 c - 5 scrolls of vulnerability {unknown}
 d - 3 scrolls of enchant weapon {unknown}
 e - 3 scrolls of fear {unknown}
 k - 7 scrolls of identify {unknown}
 l - 6 scrolls of teleportation {unknown}
 q - 2 scrolls of noise {unknown}
 r - 4 scrolls of blinking {unknown}
 u - 3 scrolls of amnesia {unknown}
 v - 2 scrolls of enchant armour {unknown}
 B - a scroll of poison {unknown}
 C - a scroll of summoning {unknown}
 E - 4 scrolls of magic mapping {unknown}
 I - 2 scrolls of immolation {unknown}
 L - a scroll of brand weapon {unknown}
Potions
 a - 3 potions of magic
 f - 3 potions of haste {unknown}
 g - 9 potions of curing
 h - 2 potions of brilliance {unknown}
 i - a potion of cancellation {unknown}
 j - a potion of mutation {unknown}
 m - a potion of berserk rage {unknown}
 o - a potion of experience {unknown}
 s - a potion of flight {unknown}
 w - 4 potions of degeneration {unknown}
 z - a potion of ambrosia {unknown}
 H - 2 potions of lignification {unknown}


   Skills:
 - Level 8.0 Fighting
 + Level 3.4 Polearms
 - Level 5.0 Dodging
 - Level 1.7 Stealth
 - Level 5.0 Shields
 - Level 6.0 Spellcasting
 - Level 8.0 Conjurations
 - Level 8.0 Ice Magic
 - Level 7.0 Invocations
 + Level 2.1 Evocations


You had 11 spell levels left.
You knew the following spells:

 Your Spells              Type           Power      Damage    Failure   Level
a - Freeze                Ice            100%       1d11      1%          1
b - Frozen Ramparts       Ice            72%        1d11      1%          3
c - Ozocubu's Armour      Ice            36%        N/A       1%          3
d - Hailstorm             Conj/Ice       36%        3d9       5%          4

Your spell library contained the following spells:

 Spells                   Type           Power      Damage    Failure   Level
 Magic Dart               Conj           100%       1d8       1%          1
 Searing Ray              Conj           72%        2d7       1%          2
 Fulminant Prism          Conj/Hex       10%        3d9       26%         4
 Call Canine Familiar     Summ           5%         N/A       38%         3
 Portal Projectile        Hex/Tloc       10%        N/A       38%         3
 Fireball                 Conj/Fire      10%        3d6       58%         5
 Leda's Liquefaction      Hex/Erth       2%         N/A       80%         4
 Starburst                Conj/Fire      10%        6d5       99%         6
 Ignition                 Fire           2%         3d3       100%        8


Dungeon Overview and Level Annotations

Branches:
Dungeon (11/15)            Temple (1/1) D:7            Lair (0/5) D:11
    Orc: D:9-12

Altars:
Cheibriados
Dithmenos
Elyvilon
Fedhas
Gozag
Makhleb
Nemelex Xobeh
Okawaru
Ru
Trog
Vehumet
Yredelemnul
Zin

Shops:
D:8 [


Innate Abilities, Weirdness & Mutations

You can breathe bolts of dispelling energy.
Your rich purple scales are hard. (AC +7)
You cannot fit into any form of body armour.
You are cold-blooded and may be slowed by cold attacks.


Message History

The wight barely misses you. The wight attacks as you move away!
The wight completely misses you.
A kobold brigand comes into view.
It is wielding a +0 rapier and quivering poisoned darts.
The wight completely misses you.
The kobold brigand shouts!
You hear a shout! x2
The kobold brigand throws a poisoned dart.
The poisoned dart hits you!
You are poisoned.
The wight attacks as you move away! The wight closely misses you.
A kobold comes into view. It is wielding a +0 short sword.
You feel very sick.
The kobold shouts!
The kobold moves out of view.
You hit the kobold brigand.
Your tail-slap misses the kobold brigand.
The kobold brigand is lightly wounded.
You feel sick. The wight barely misses you.
The kobold brigand hits you with a +0 rapier.
The wight hits you from afar with a +2 halberd!
* * * LOW HITPOINT WARNING * * *
You feel drained.
* * * LOW HITPOINT WARNING * * *
A kobold comes into view.
It is wielding a +0 short sword and carrying a wand of digging (2).
You feel sick.
The kobold brigand hits you but does no damage.
You feel sick.
The kobold brigand hits you but does no damage.
The kobold hits you but does no damage.
The kobold brigand attacks as you move away!
The kobold brigand hits you with a +0 rapier!
* * * LOW HITPOINT WARNING * * *
You feel sick.
The kobold shouts!
You closely miss the kobold.
You feel sick.
The kobold brigand hits you with a +0 rapier!
* * * LOW HITPOINT WARNING * * *
You block the wight's attack.
The kobold hits you with a +0 short sword.
You die...
Fedhas appreciates your contribution to the ecosystem.

# #....'....#. . #....#....#. .
#....#....#. . ######...#######.
... #######...##...##....>. .....
#.....#....#....#.....# .....
#.....#....'....+.....+ .
...######....K#'#########.....#
####..........z.@K.......)......#
...#.......###K#z...............#
...#...)...#...#...........<....#
#..#.......#...#................#
#..#.......#...#.....#######+#...
...#.......#...#.....# #...
####.......#...#.....# #...
#..#.......#...#.....# ###
...'.......#...+


You could see a kobold brigand, 2 wights and 2 kobolds.

Vanquished Creatures
  Erica (D:8)
  A two-headed ogre (D:8)
  Pikel (D:8)
  Maurice (D:8)
  A komodo dragon (D:10)
  A troll (D:9)
  A shadow (D:9)
  Sigmund (D:2)
  A wraith (D:9)
  2 wyverns
  2 steam dragons
  Duvessa (D:6)
  3 water moccasins
  7 orc warriors
  An ice beast (D:7)
  2 black bears
  A sky beast (D:6)
  An ogre (D:7)
  3 centaurs
  A lemure (D:7)
  A phantom (D:5)
  Blork the orc (D:4)
  3 bullfrogs
  A necrophage (D:7)
  A scorpion (D:4)
  17 wights
  Dowan (D:6)
  7 killer bees (D:8)
  2 howler monkeys
  8 orc priests
  2 hounds
  Crazy Yiuf (D:3)
  7 iguanas
  18 orc wizards
  9 adders
  10 gnolls
  A white imp (D:7)
  An ufetubus (D:7)
  A worm (D:3)
  2 dart slugs
  41 orcs
  6 ball pythons
  6 bats
  7 endoplasms
  6 giant cockroaches
  8 hobgoblins
  13 kobolds
  4 quokkas
  4 frilled lizards
  8 goblins
  A rat (D:2)
231 creatures vanquished.

Vanquished Creatures (collateral kills)
  A hornet (D:9)
  A shadow (D:10)
  A kobold brigand (D:9)
  2 wights
  An orc priest (D:9)
  An orc wizard (D:9)
  2 orcs (D:9)
  A kobold (D:9)
10 creatures vanquished.

Vanquished Creatures (others)
  A killer bee (D:8)
  3 plants (D:6)
4 creatures vanquished.

Grand Total: 245 creatures vanquished

Notes
Turn   | Place    | Note
-------+----------+-------------------------------------------
     0 | D:1      | Raikaria the Draconian Ice Elementalist began the quest for
                  | the Orb.
     0 | D:1      | Reached XP level 1. HP: 14/14 MP: 3/3
   355 | D:1      | Reached XP level 2. HP: 20/20 MP: 0/5
   708 | D:1      | Found a faded altar of an unknown god.
   868 | D:2      | Reached XP level 3. HP: 21/26 MP: 2/7
   934 | D:1      | Learned a level 3 spell: Frozen Ramparts
   938 | D:1      | Learned a level 3 spell: Ozocubu's Armour
  1077 | D:2      | Noticed Sigmund
  1095 | D:2      | Killed Sigmund
  1096 | D:2      | Reached skill level 5 in Ice Magic
  1096 | D:2      | Reached XP level 4. HP: 25/33 MP: 6/10
  1096 | D:2      | Reached XP level 5. HP: 29/38 MP: 6/11
  1277 | D:2      | Learned a level 4 spell: Hailstorm
  1285 | D:2      | Found an opulent altar of Gozag.
  1486 | D:3      | Noticed a water moccasin
  1491 | D:3      | Found a runed translucent door.
  1492 | D:3      | Noticed Crazy Yiuf
  1499 | D:3      | Killed Crazy Yiuf
  1563 | D:3      | Killed a water moccasin
  1564 | D:3      | Reached skill level 1 in Conjurations
  1564 | D:3      | Reached XP level 6. HP: 35/45 MP: 6/12
  2745 | D:3      | Found a faded altar of an unknown god.
  3182 | D:3      | Found a sacrificial altar of Ru.
  3554 | D:4      | Noticed Blork the orc
  3571 | D:4      | Killed Blork the orc
  3632 | D:4      | Your scales start taking on a rich purple colour.
  3632 | D:4      | Reached skill level 5 in Spellcasting
  3632 | D:4      | Reached XP level 7. HP: 39/50 MP: 13/15
  3855 | D:5      | Entered Level 5 of the Dungeon
  3940 | D:4      | Reached skill level 1 in Fighting
  3990 | D:4      | Found a snail-covered altar of Cheibriados.
  5224 | D:5      | Reached XP level 8. HP: 53/63 MP: 17/17
  5891 | D:6      | Noticed Dowan
  5891 | D:6      | Noticed Duvessa
  5901 | D:6      | Killed Dowan
  5904 | D:6      | Killed Duvessa
  6115 | D:6      | Reached skill level 5 in Conjurations
  6300 | D:6      | Reached skill level 1 in Shields
  6513 | D:6      | HP: 2/63 [wight/+2 long sword (8)]
  7523 | D:6      | Reached XP level 9. HP: 22/68 MP: 15/18
  8838 | D:7      | Identified the +3 long sword "Setebus" {flame, +Blink MP+9
                  | Stlth+}
  9126 | D:7      | Found a staircase to the Ecumenical Temple.
  9158 | Temple   | Entered the Ecumenical Temple
  9201 | Temple   | Became a worshipper of Fedhas Madash
  9439 | D:7      | Reached skill level 1 in Invocations
  9442 | D:7      | Reached skill level 5 in Shields
  9615 | D:8      | Noticed Pikel
 10490 | D:8      | Noticed Maurice
 10529 | D:8      | Killed Maurice
 10704 | D:8      | Killed Pikel
 10705 | D:8      | Reached skill level 5 in Invocations
 10705 | D:8      | Reached XP level 10. HP: 71/80 MP: 13/19
 10890 | D:8      | Reached * piety under Fedhas
 10891 | D:8      | Reached skill level 5 in Fighting
 11016 | D:8      | Noticed a two-headed ogre
 11030 | D:8      | Killed a two-headed ogre
 11468 | D:8      | Reached ** piety under Fedhas
 11550 | D:8      | Found Udwonaomn's Antique Armour Shop.
 11695 | D:8      | Noticed Erica
 11709 | D:8      | Killed Erica
 11710 | D:8      | Reached skill level 5 in Dodging
 12477 | D:10     | Entered Level 10 of the Dungeon
 12551 | D:9      | Reached skill level 1 in Polearms
 13283 | D:9      | Reached XP level 11. HP: 85/93 MP: 12/20
 13768 | D:9      | Identified the +6 halberd of Deflation {vorpal, Dex+5}
 14122 | D:11     | Noticed a death yak
 14122 | D:11     | Found a staircase to the Lair.
 14123 | D:11     | Noticed a death yak
 14280 | D:10     | Reached skill level 1 in Evocations
 14696 | D:10     | HP: 2/83 [kobold brigand/+0 rapier (7)]
 14696 | D:10     | Slain by a kobold

Illustrated notes

Levels and vault maps discovered:
D:1:      scummos_arrival_simple_fountains, layout_rooms,
          hellmonk_ecumenical_altar_prayer_group, minivault_25
D:2:      layout_basic, basic_altar, minmay_misc_feat_rugged, st_stairs_7,
          supply_closet_lemuel, uniq_sigmund
D:3:      layout_basic, nicolae_overflow_ecumenical_swirl,
          uniq_crazy_yiuf_cottage
D:4:      layout_basic, minmay_ruined_shrine, uniq_blork_the_orc
D:5:      layout_loops_ring, serial_glass, glass_columns_b, glass_columns_a,
          minmay_a_box_with_orc_wizards_in_it
D:6:      layout_basic, serial_bayou_lagoon_a, uniq_duvessa
D:7:      layout_loops_cross, minmay_temple_entry_antechambers,
          minmay_manual_moon
D:8:      layout_rooms, serial_shops, nicolae_lakefront_shop, uniq_pikel,
          uniq_erica, uniq_maurice
D:9:      layout_rooms
D:10:     layout_gridville, minitemple, minmay_misc_feat_pillars
D:11:     layout_basic, dpeg_lair_monsters, david_orc_1_choice,
          gauntlet_entry_generic
Temple:   nicolae_temple_bog_church

Skill      XL: |  1  2  3  4  5  6  7  8  9 10 11 |
---------------+----------------------------------+-----
Spellcasting   | 4 5 6 |  6.0
Ice Magic      | 5 6 7 8 |  8.0
Conjurations   | 1 2 4 6 8 |  8.0
Fighting       | 3 4 7 8 |  8.0
Shields        | 3 5 |  5.0
Invocations    | 5 7 |  7.0
Dodging        | 3 5 |  5.0
Polearms       | 1 3 |  3.4
Evocations     | 2 |  2.1
Stealth        | |  1.7

Action                   |  1- 3 |  4- 6 |  7- 9 | 10-12 || total
-------------------------+-------+-------+-------+-------++-------
Melee: Short sword       |    12 |       |       |       ||    12
       Tailslap          |     4 |    12 |    63 |    45 ||   124
       Dagger            |    20 |   122 |   367 |    80 ||   589
       Punch             |       |     2 |       |       ||     2
       Long sword        |       |       |    29 |       ||    29
       Spear             |       |       |       |   141 ||   141
       Trident           |       |       |       |    60 ||    60
 Cast: Freeze            |    21 |       |       |     8 ||    29
       Frozen Ramparts   |     1 |     6 |    26 |    17 ||    50
       Ozocubu's Armour  |       |     4 |    21 |    16 ||    41
       Hailstorm         |       |       |     1 |    13 ||    14
Invok: Wall of Briars    |       |       |       |     7 ||     7
 Abil: Breathe Dispellin |       |       |    13 |     6 ||    19
  Use: Potion            |       |       |     2 |     2 ||     4
 Stab: Sleeping          |     1 |     4 |     6 |       ||    11
Armor: Skin              |    12 |    37 |   120 |   104 ||   273
Dodge: Dodged            |    37 |    79 |   160 |   169 ||   445
Block: Buckler           |       |       |    46 |    63 ||   109
